 Dungeon Crawl Stone Soup version 0.19-a0-627-g7ac35de (webtiles) character file.

141631 Laan the Bludgeoner (level 17, -5/113 HPs)
             Began as a Gargoyle Fighter on June 12, 2016.
             Was the Champion of the Shining One.
             Slain by a seven-headed hydra (8 damage)
             ... on level 3 of the Swamp on June 13, 2016.
             The game lasted 01:34:34 (33105 turns).

Laan the Bludgeoner (Gargoyle Fighter)             Turns: 33105, Time: 01:34:35

Health: -5/113     AC: 39    Str: 30    XL:     17   Next: 33%
Magic:  17/17      EV: 12    Int: 11    God:    the Shining One [******]
Gold:   1589       SH:  8    Dex: 13    Spells: 0 memorised, 16 levels left

rFire  + . .     SeeInvis .     X - +8 morningstar "Wyklab" {distort, rElec Dex+4}
rCold  + + .     Gourm    +     j - +5 chain mail {MR+}
rNeg   + + +     Faith    .     r - +0 buckler {reflect}
rPois  ∞         Spirit   .     h - +1 helmet
rElec  +         Dismiss  .     b - +0 cloak
rCorr  +         Reflect  +     T - +1 pair of gloves
SustAt .         Harm     .     G - +0 pair of boots
MR     ++...                    m - amulet of the gourmand
Stlth  ..........               w - ring of protection from cold
                                e - +3 ring of evasion

@: mighty, resistant, flying, glowing, very resistant to hostile enchantments,
extremely unstealthy
A: big wings, negative energy resistance 1, electricity resistance, unbreathing,
petrification resistance, rot immunity, AC +12
a: Stop Flying, Divine Shield, Cleansing Flame, Summon Divine Warrior, Brand
Weapon With Holy Wrath, Renounce Religion


You were on level 3 of the Swamp.
You worshipped the Shining One.
The Shining One was exalted by your worship.
You were full.

You visited 5 branches of the dungeon, and saw 28 of its levels.
You also visited: Ossuary and Ice Cave.

You collected 3079 gold pieces.
You spent 1490 gold pieces at shops.

Inventory:

Hand Weapons
 X - the +8 morningstar "Wyklab" (weapon) {distort, rElec Dex+4}
   (You bought it in a shop on level 2 of the Orcish Mines)

   It warps and distorts space around it.
   Unwielding it can cause banishment or high damage.
   It affects your dexterity (+4).
   It insulates you from electricity.
Missiles
 x - 15 javelins (quivered)
Armour
 b - a +0 cloak (worn)
 h - a +1 helmet (worn)
 j - a +5 chain mail of magic resistance (worn)
 r - a +0 buckler of reflection (worn)
 G - a +0 pair of boots (worn)
 T - a +1 pair of gloves (worn)
 Y - a +2 buckler of cold resistance
 Z - the +5 ring mail "Ecuent" {rF+ Int+2}
   (You bought it in a shop on level 2 of the Orcish Mines)

   It affects your intelligence (+2).
   It protects you from fire.
Jewellery
 a - an uncursed amulet of rage
 e - a +3 ring of evasion (left hand)
 i - an uncursed ring of protection from fire
 m - an amulet of the gourmand (around neck)
 n - a +2 ring of protection
 o - a +2 ring of protection
 w - a ring of protection from cold (right hand)
 y - an uncursed ring of protection from cold
Wands
 c - a wand of acid (3/15)
 d - a wand of lightning (5/15)
 A - a wand of digging (11/24)
 M - a wand of digging (16/24)
 Q - a wand of iceblast (4/15)
Scrolls
 g - 2 scrolls of amnesia
 l - 7 scrolls of remove curse
 C - 2 scrolls of magic mapping
 F - 7 scrolls of enchant weapon
 K - 8 scrolls of teleportation
 O - 17 scrolls of identify
 R - a scroll of recharging
 W - a scroll of enchant armour
Potions
 p - 2 potions of cancellation
 t - 2 potions of agility
 u - 4 potions of brilliance
 B - a potion of haste
 E - 2 potions of beneficial mutation {unknown}
 H - 2 potions of cure mutation
 I - a potion of ambrosia
Comestibles
 f - 17 bread rations
 s - a beef jerky
 v - 18 meat rations
 D - 2 fruits
 J - 3 slices of pizza
 S - 14 royal jellies


   Skills:
 + Level 15.3 Fighting
 * Level 18.0 Maces & Flails
 + Level 15.0 Armour
 + Level 15.4 Shields


You had 16 spell levels left.
You didn't know any spells.

Dungeon Overview and Level Annotations

Branches:
Dungeon (15/15)            Temple (1/1) D:6            Lair (6/6) D:8
  Swamp (4/4) Lair:2       Spider (0/4) Lair:4        Slime (0/5) Lair:5
    Orc (2/2) D:11            Elf (0/3) Orc:2        Vaults (0/5) D:13
 Depths (0/5) D:15

Altars:
Ashenzari
Cheibriados
Dithmenos
Elyvilon
Fedhas
Gozag
Hepliaklqana
Kikubaaqudgha
Makhleb
Nemelex Xobeh
Okawaru
Pakellas
Qazlal
Ru
Sif Muna
Trog
Uskayaw
Vehumet
Xom
Yredelemnul
Zin
The Shining One
Beogh
Jiyva
Lugonu

Shops:
D:7 %   D:10 (   Orc:2 =([*

Annotations:
Swamp:4 exclusion: Roxanne, Lernaean hydra, Roxanne
Abyss:1 Jorgrun


Innate Abilities, Weirdness & Mutations

You are resistant to torment.
Your stone body is resilient. (AC +12)
You are immune to poison.
Your large and strong wings let you fly indefinitely.
You resist negative energy. (rN+)
You are resistant to electric shocks. (rElec)
You can survive without breathing.
You are immune to petrification.
You are immune to rotting.


Message History

You block the seven-headed hydra's attack.
You fly upwards.
A swamp worm comes into view.
There is a stone staircase leading down here.
You feel very mighty all of a sudden. You block the swamp drake's attack.
The six-headed hydra bites you but does no damage.
The six-headed hydra bites you.
* * * LOW HITPOINT WARNING * * *
The six-headed hydra bites you but does no damage.
The six-headed hydra completely misses you.
The six-headed hydra bites you.
* * * LOW HITPOINT WARNING * * *
The six-headed hydra bites you.
* * * LOW HITPOINT WARNING * * *
The seven-headed hydra bites you but does no damage. x3
You block the seven-headed hydra's attack.
The seven-headed hydra bites you but does no damage.
The seven-headed hydra bites you!
You die...

♣♣...♣♣♣
♣..≈♣♣♣≈.♣♣♣../ ♣♣≈♣♣
♣..♣♣.≈≈.....).
♣.≈.♣♣♣♣♣..≈.≈≈≈≈..≈≈♣♣
♣.≈≈♣♣.≈.♣.≈.≈≈≈≈≈≈≈.♣♣
♣≈...♣.≈≈♣♣♣..≈..≈≈.♣§♣
♣♣.♣♣♣...♣♣♣....≈§♣≈≈♣≈
♣≈.<..≈..§♣♣♣≈..≈≈≈≈≈≈≈
♣♣..≈wDk≈≈≈♣♣♣♣≈♣♣♣♣♣♣≈
♣≈...@≈≈.§♣♣..♣≈≈≈≈≈♣≈
♣♣≈≈♣D.≈≈.♣..♣≈♣≈≈≈≈≈≈
♣♣♣♣♣♣♣.≈♣.≈≈≈♣≈.≈.≈≈
♣...≈..≈..♣.).≈
♣♣.♣..≈.≈≈≈≈.≈≈
♣♣♣♣.≈≈≈≈≈≈≈≈≈
♣♣♣≈≈≈♣♣≈≈≈ ♣♣≈≈♣≈≈≈≈
♣♣≈♣≈≈♣≈


You could see a seven-headed hydra, a six-headed hydra, a swamp worm and a swamp
drake.

Vanquished Creatures
  Saint Roka (Orc:1)
  Agnes (D:14)
  A thorn hunter (Swamp:4)
  Kirke (Swamp:4)
  Maud (D:10)
  2 orc warlords (Orc:2)
  A white draconian (IceCv)
  An ettin (Orc:1)
  A fire dragon (D:15)
  The ghost of crossborder the Grappler, a journeyman TrMo of Hepliaklqana (D:13)
  Harold (Lair:1)
  Erolcha (D:10)
  2 ice dragons
  12 hydras
  A ghost crab (Swamp:3)
  5 centaur warriors
  2 dancing weapons (D:13)
  Erica (D:11)
  7 death yaks
  4 alligators
  2 tengu warriors (D:15)
  Urug (D:11)
  5 orc high priests
  Nergalle (Lair:1)
  A fire crab (Lair:5)
  9 swamp dragons
  8 hill giants
  2 shambling mangroves
  Pikel (D:9)
  2 lindwurms (Lair:6)
  An oklob plant (Orc:1)
  3 orc knights
  A manticore (D:11)
  An orb spider (Lair:4)
  4 orc sorcerers
  4 ugly things
  2 griffons
  A hornet (Swamp:2)
  3 cyclopes
  14 slime creatures
  2 black mambas
  A gargoyle (D:12)
  Psyche (D:9)
  6 torpor snails (Lair:6)
  15 spiny frogs
  2 rime drakes
  A kobold demonologist (D:11)
  8 komodo dragons
  6 trolls
  A tengu conjurer (D:15)
  22 polar bears
  8 giant leeches
  4 bog bodies
  A two-headed ogre (D:12)
  13 blink frogs
  2 raiju (Lair:6)
  Prince Ribbit (D:9)
  7 spriggans
  A shadow (Swamp:1)
  Sigmund (D:6)
  A vampire (D:14)
  A wyvern (D:11)
  Eustachio (D:4)
  50 yaks
  A basilisk (Lair:3)
  A hog (Swamp:4)
  A steam dragon (D:12)
  24 vampire mosquitoes
  7 hippogriffs
  A hungry ghost (D:14)
  2 mottled dragons
  11 wargs
  4 insubstantial wisps (Swamp:2)
  A soldier ant (D:11)
  8 hell hounds (Lair:6)
  18 water moccasins
  10 porcupines
  9 swamp worms
  47 orc warriors
  2 phantoms
  3 swamp drakes
  5 ice beasts
  16 wasps
  15 black bears
  4 slaves (D:8)
  2 necrophages
  2 eyes of draining
  A sky beast (D:5)
  11 ogres
  31 wolves
  20 centaurs
  16 crocodiles
  A big kobold (D:10)
  An elf zombie (D:8)
  15 giant frogs
  2 elf skeletons (D:8)
  A scorpion (D:8)
  6 killer bees (D:12)
  7 electric eels
  A howler monkey (D:10)
  4 giant frog zombies
  8 crimson imps
  A quasit (D:7)
  A human zombie (Ossuary)
  2 wasp zombies
  24 hounds
  3 centaur skeletons
  4 centaur zombies
  33 orc priests
  A gnoll shaman (Orc:2)
  4 jellies
  2 giant frog skeletons
  36 orc wizards
  3 human skeletons (D:8)
  5 iguanas
  10 worker ants
  6 sheep
  A big kobold zombie (Ossuary)
  2 hound skeletons
  3 mummies (Ossuary)
  2 worker ant zombies
  12 adders
  9 gnolls
  24 river rats
  2 shadow imps
  2 adder zombies
  25 worms
  A dart slug (D:1)
  8 giant geckos
  130 orcs
  3 giant cockroaches
  A gnoll zombie (Ossuary)
  8 goblins
  7 hobgoblins
  21 jackals
  A quokka (D:9)
  3 ball pythons
  5 bats
  A giant newt (D:7)
  A goblin zombie (Ossuary)
  3 hobgoblin zombies (Ossuary)
  13 kobolds
  5 kobold zombies (Ossuary)
  5 orc skeletons (D:8)
  An orc zombie (Ossuary)
  A quokka skeleton (D:10)
  3 quokka zombies (Ossuary)
  7 rats
  A rat zombie (Ossuary)
  2 briar patches (Swamp:4)
  A butterfly (Lair:1)
  A plant (Lair:6)
1038 creatures vanquished.

Vanquished Creatures (others)
  2 hydras (Swamp:4)
  An alligator (Swamp:1)
  A spriggan rider (Swamp:3)
  A slime creature (Swamp:3)
  A swamp dragon (Swamp:4)
  A spiny frog (Swamp:2)
  4 polar bears (IceCv)
  A spriggan (Swamp:4)
  A yak (IceCv)
  A hog (Swamp:4)
  4 humans (Swamp:4)
  A vampire mosquito (D:14)
  An insubstantial wisp (Swamp:2)
  A swamp worm (Swamp:3)
  2 orc warriors (Orc:1)
  A wasp (Swamp:4)
  An orc (Orc:1)
  2 briar patches (Swamp:4)
  6 fungi (Lair:4)
  41 plants
74 creatures vanquished.

Grand Total: 1112 creatures vanquished

Notes
Turn   | Place    | Note
--------------------------------------------------------------
     0 | D:1      | Laan the Gargoyle Fighter began the quest for the Orb.
     0 | D:1      | Reached XP level 1. HP: 14/14 MP: 1/1
    92 | D:1      | Reached XP level 2. HP: 9/19 MP: 2/2
   288 | D:1      | Found a sparkling altar of Nemelex Xobeh.
   661 | D:2      | Reached XP level 3. HP: 22/23 MP: 3/3
   684 | D:2      | Found a basalt altar of Yredelemnul.
   972 | D:2      | Reached XP level 4. HP: 18/29 MP: 4/4
  1163 | D:2      | Reached skill level 3 in Maces & Flails
  1322 | D:2      | Found an iron altar of Okawaru.
  1375 | D:2      | Reached XP level 5. HP: 33/33 MP: 5/5
  1646 | D:3      | Found a glowing golden altar of the Shining One.
  1651 | D:3      | Became a worshipper of the Shining One
  2104 | D:4      | Noticed Eustachio
  2594 | D:4      | Killed Eustachio
  2594 | D:4      | Reached XP level 6. HP: 35/39 MP: 6/6
  2685 | D:4      | Reached skill level 5 in Armour
  2685 | D:4      | Reached skill level 5 in Shields
  2692 | D:4      | Reached XP level 7. HP: 35/44 MP: 7/7
  2802 | D:4      | Reached skill level 5 in Fighting
  3028 | D:4      | Reached skill level 4 in Maces & Flails
  3055 | D:5      | Entered Level 5 of the Dungeon
  3181 | D:5      | Reached * piety under the Shining One
  3191 | D:5      | Reached XP level 8. HP: 47/51 MP: 8/8
  3258 | D:5      | Found a sacrificial altar of Ru.
  3473 | D:6      | Reached skill level 5 in Maces & Flails
  3767 | D:6      | Found a staircase to the Ecumenical Temple.
  3862 | Temple   | Entered the Ecumenical Temple
  4078 | D:6      | Noticed Sigmund
  4093 | D:6      | Killed Sigmund
  4106 | D:6      | Found a shadowy altar of Dithmenos.
  4218 | D:6      | Found a blossoming altar of Fedhas.
  4218 | D:6      | Found a shattered altar of Ashenzari.
  4248 | D:6      | Reached XP level 9. HP: 45/57 MP: 9/9
  4270 | D:6      | Reached skill level 6 in Maces & Flails
  4567 | D:7      | Found a burning altar of Makhleb.
  4567 | D:7      | Reached ** piety under the Shining One
  4820 | D:7      | Found a hide-covered altar of Uskayaw.
  5091 | D:7      | Found Guidghen's Food Emporium.
  5329 | D:8      | Noticed a troll
  5353 | D:8      | Reached skill level 7 in Maces & Flails
  5374 | D:8      | Killed a troll
  5575 | D:8      | Found a staircase to the Lair.
  5614 | D:8      | Reached XP level 10. HP: 46/64 MP: 10/10
  5655 | D:8      | Found a shimmering altar of Xom.
  5847 | D:8      | Found a sand-covered staircase.
  5860 | Ossuary  | Entered an ossuary
  5871 | Ossuary  | Reached skill level 8 in Maces & Flails
  5874 | Ossuary  | Reached *** piety under the Shining One
  5960 | Ossuary  | Reached **** piety under the Shining One
  6209 | D:8      | Found an ancient bone altar of Kikubaaqudgha.
  6643 | D:8      | Upgraded the game from 0.19-a0-606-gee5277e to 0.19-a0-627-g7ac35de
  6646 | Lair:1   | Entered Level 1 of the Lair of Beasts
  6742 | Lair:1   | Noticed a four-headed hydra
  6760 | Lair:1   | Killed a four-headed hydra
  7015 | Lair:1   | Noticed Nergalle
  7041 | Lair:1   | Noticed a spectral orc warlord
  7084 | Lair:1   | Killed Nergalle
  7084 | Lair:1   | Reached skill level 9 in Maces & Flails
  7097 | Lair:1   | Noticed a spiny frog
  7107 | Lair:1   | Killed a spiny frog
  7159 | Lair:1   | Noticed Harold
  7180 | Lair:1   | Killed Harold
  7180 | Lair:1   | Reached XP level 11. HP: 15/71 MP: 11/11
  8115 | Lair:1   | Reached skill level 10 in Fighting
  8115 | Lair:1   | Reached skill level 11 in Maces & Flails
  8115 | Lair:1   | Reached skill level 10 in Armour
  8115 | Lair:1   | Reached skill level 10 in Shields
  8115 | Lair:1   | Reached XP level 12. HP: 78/78 MP: 12/12
  8753 | Lair:2   | Found a staircase to the Swamp.
  8788 | Lair:2   | Reached ***** piety under the Shining One
  9358 | Lair:3   | Identified Axkuell's Incunabulum of the Oath
  9380 | Lair:3   | Reached skill level 12 in Maces & Flails
  9510 | Lair:3   | Found a frozen archway.
  9533 | IceCv    | Entered an ice cave
 10206 | IceCv    | Noticed a white draconian
 10206 | IceCv    | Noticed a death yak
 10256 | IceCv    | Killed a white draconian
 10298 | IceCv    | Killed a death yak
 10922 | IceCv    | Reached XP level 13. HP: 84/84 MP: 13/13
 11841 | Lair:3   | Reached skill level 13 in Maces & Flails
 12344 | Lair:4   | Found a hole to the Spider Nest.
 12625 | Lair:4   | Got a crude ring mail
 12626 | Lair:4   | Identified the +4 ring mail of Death Resistance {rN+ Str+2} (You found it on level 4 of the Lair of Beasts)
 13837 | Lair:5   | Found a viscous altar of Jiyva.
 13837 | Lair:5   | Found a staircase to the Slime Pits.
 14619 | Lair:6   | Entered Level 6 of the Lair of Beasts
 14938 | Lair:5   | Gained mutation: Your large and strong wings let you fly indefinitely. [Gargoyle growth]
 14938 | Lair:5   | Reached XP level 14. HP: 63/92 MP: 14/14
 15165 | Lair:6   | Reached skill level 14 in Maces & Flails
 16474 | Lair:6   | Found a runed door.
 17767 | D:9      | Noticed Pikel
 17964 | D:9      | Killed Pikel
 17964 | D:9      | Reached skill level 15 in Maces & Flails
 17979 | D:9      | Noticed Psyche
 17991 | D:9      | Killed Psyche
 18036 | D:9      | Reached ****** piety under the Shining One
 18131 | D:9      | Found a hazy altar of Hepliaklqana.
 18132 | D:9      | Found a stormy altar of Qazlal.
 18132 | D:9      | Found an oddly glowing altar of Pakellas.
 18133 | D:9      | Found a snail-covered altar of Cheibriados.
 18208 | D:9      | Found a glowing silver altar of Zin.
 18276 | D:9      | Noticed Prince Ribbit
 18293 | D:9      | Killed Prince Ribbit
 18689 | D:10     | Entered Level 10 of the Dungeon
 18689 | D:10     | Noticed Maud
 18726 | D:10     | Killed Maud
 19076 | D:10     | Found Wifoic's Antique Weapon Boutique.
 19132 | D:11     | Noticed Erolcha
 19144 | D:10     | Killed Erolcha
 19358 | D:11     | Reached XP level 15. HP: 77/99 MP: 15/15
 19542 | D:11     | Noticed Urug
 19585 | D:11     | Killed Urug
 19668 | D:11     | Noticed Erica
 19679 | D:11     | Killed Erica
 19748 | D:11     | Found a staircase to the Orcish Mines.
 19901 | Orc:1    | Entered Level 1 of the Orcish Mines
 19939 | Orc:2    | Entered Level 2 of the Orcish Mines
 19996 | Orc:2    | Noticed Saint Roka
 20586 | Orc:1    | Killed Saint Roka
 23141 | D:13     | Reached skill level 16 in Maces & Flails
 23147 | D:13     | Found a gate to the Vaults.
 23377 | D:13     | Noticed crossborder's ghost (journeyman TrMo)
 23407 | D:13     | Killed crossborder's ghost
 24519 | D:14     | Noticed Agnes
 24534 | D:14     | Killed Agnes
 25005 | D:15     | Entered Level 15 of the Dungeon
 25293 | D:15     | Reached XP level 16. HP: 34/106 MP: 16/16
 26219 | D:15     | Found a staircase to the Depths.
 26821 | Orc:2    | Found a roughly hewn altar of Beogh.
 26923 | Orc:2    | Found a roughly hewn altar of Beogh.
 26940 | Orc:2    | Found Pucouh's Jewellery Emporium.
 27077 | Orc:2    | Found a roughly hewn altar of Beogh.
 27158 | Orc:2    | Found a roughly hewn altar of Beogh.
 27194 | Orc:2    | Found a roughly hewn altar of Beogh.
 27194 | Orc:2    | Found Vogg's Assorted Antiques.
 27512 | Orc:2    | Found a roughly hewn altar of Beogh.
 27627 | Orc:2    | Found a staircase to the Elven Halls.
 27916 | Orc:2    | Bought a potion of heal wounds for 170 gold pieces
 27961 | Orc:2    | Found a roughly hewn altar of Beogh.
 28491 | Orc:2    | Found Megaf's Antique Weapon Boutique.
 28492 | Orc:2    | Found a roughly hewn altar of Beogh.
 28496 | Orc:2    | Found Torixas's Antique Armour Shop.
 28504 | Orc:2    | Bought an iridescent morningstar for 189 gold pieces
 28510 | Orc:2    | Bought a polished ring mail for 279 gold pieces
 28510 | Orc:2    | Bought a runed chain mail for 139 gold pieces
 28510 | Orc:2    | Bought a glowing plate armour for 713 gold pieces
 28536 | Orc:2    | Identified the +5 ring mail "Ecuent" {rF+ Int+2} (You bought it in a shop on level 2 of the Orcish Mines)
 28607 | Orc:2    | Identified the +8 morningstar "Wyklab" {distort, rElec Dex+4} (You bought it in a shop on level 2 of the Orcish Mines)
 28880 | Orc:2    | Reached skill level 17 in Maces & Flails
 29987 | Swamp:1  | Entered Level 1 of the Swamp
 30933 | Swamp:2  | Reached skill level 15 in Shields
 31254 | Swamp:3  | Reached skill level 15 in Fighting
 31937 | Swamp:3  | Reached XP level 17. HP: 113/113 MP: 17/17
 32320 | Swamp:4  | Entered Level 4 of the Swamp
 32390 | Swamp:4  | Noticed Kirke
 32407 | Swamp:4  | Killed Kirke
 32449 | Swamp:4  | Noticed the 27-headed Lernaean hydra
 32454 | Swamp:4  | Reached skill level 18 in Maces & Flails
 32875 | Swamp:4  | Noticed Jorgrun
 32882 | Swamp:4  | Banished Jorgrun
 32890 | Swamp:4  | Reached skill level 15 in Armour
 33042 | Swamp:4  | Noticed Roxanne
 33105 | Swamp:3  | HP: 5/113 [six-headed hydra (2)]
 33105 | Swamp:3  | Slain by a seven-headed hydra

Vault maps used:
D:1:      scummos_arrival_checkerplants, nemelex_diamond_rough_becter
D:2:      nicolae_overflow_crystal_walls, lemuel_crystal_altar
D:3:      tso_metal_star
D:4:      uniq_eustachio
D:5:      kennysheep_little_box, first_bread
D:6:      lemuel_doored_altar, gammafunk_temple_overflow_elements,
          temple_fountains, uniq_sigmund
D:7:      makhleb_blood_cavern_becter, eat_drink_and_be_merry_uskayaw,
          serial_shops, shop, eino_small_chamber_without_monster
D:8:      xom_butterflies, lemuel_zombie_altar_kikubaaqudgha, erik_lair_island,
          nicolae_ossuary_entry_catacombs, the_bakery
D:9:      minitemple, old_standard_altar, abandoned_shop,
          hangedman_decor_riveting, minmay_parallelograms,
          wad_floor_pattern_untrapped, uniq_prince_ribbit1, uniq_pikel,
          uniq_psyche
D:10:     serial_shops, kennysheep_mini_moat, uniq_maud
D:11:     erik_orc_2, uniq_urug, uniq_erica, uniq_erolcha
D:13:     erik_vaults_1, serial_bayou_pond_c, grunt_decor_one_mirror
D:14:     minivault_11, uniq_agnes
D:15:     grunt_enter_depths_hoard, lab_entry_generic, serial_bayou_lagoon_a
Temple:   corrupted_temple
Lair:1:   uniq_nergalle, uniq_harold
Lair:2:   swamp_mist, beast_lair_carwin_6
Lair:3:   portal_ice_cave_entry_pillars_1
Lair:4:   nicolae_spider_entry_orb_guardian
Lair:5:   slime_altar_1
Lair:6:   wormcave, hangedman_lair_caniforms_friends, grunt_megastairs_3
Swamp:1:  infiniplex_staircase_pool
Swamp:2:  hangedman_swamp_ruin_wall, swamp_pool1, infiniplex_staircase_pool_2
Swamp:3:  nicolae_swamp_fairy_circle, swamp_pool5, grunt_lady_of_the_lake
Swamp:4:  swamp_old_school, uniq_roxanne, uniq_kirke, uniq_jorgrun
Orc:1:    mines3_lemuel
Orc:2:    grunt_orc_community_town_hall, grunt_orc_community_big_house_1,
          grunt_orc_community_big_house_2, grunt_orc_community_house_2,
          grunt_orc_community_house_2, grunt_orc_community_house_2,
          grunt_orc_community_house_2, grunt_orc_community_house_1,
          grunt_orc_community_house_3, special_room, bh_open_orc_temple,
          uniq_saint_roka
Ossuary:  ossuary_minmay_chase
IceCv:    ice_cave_caverns_03

Skill      XL: |  1  2  3  4  5  6  7  8  9 10 11 12 13 14 15 16 17 |
---------------+----------------------------------------------------+-----
Armour         | 4 5 6 7 9 10 11 12 13 14 15 | 15.0
Maces & Flails | 3 4 5 7 9 11 12 13 15 16 17 18 | 18.0
Shields        | 4 5 6 8 9 10 11 12 13 14 15 | 15.4
Fighting       | 4 5 7 8 9 10 11 12 13 14 15 | 15.3

Action                   |  1- 3 |  4- 6 |  7- 9 | 10-12 | 13-15 | 16-18 || total
-------------------------+-------+-------+-------+-------+-------+-------++-------
Melee: Flail             |   183 |    97 |       |       |       |   270 ||   550
       Whip              |       |   138 |   403 |  1002 |  3226 |   202 ||  4971
       Morningstar       |       |       |       |       |       |   542 ||   542
Invok: Divine Shield     |       |       |       |       |       |     1 ||     1
 Abil: Fly               |       |       |       |       |     1 |     1 ||     2
  Use: Potion            |       |     1 |       |     6 |    10 |     6 ||    23
       Scroll            |       |       |    12 |    13 |     9 |     7 ||    41
 Stab: Distracted        |       |       |       |     1 |       |       ||     1
       Confused          |       |       |       |       |       |     1 ||     1
  Eat: Chunk             |     9 |    11 |     9 |    18 |    53 |     8 ||   108
       Fruit             |       |       |       |       |       |    12 ||    12
       Beef jerky        |       |       |       |       |       |     3 ||     3
Armor: Scale mail        |    21 |       |       |       |       |       ||    21
       Chain mail        |    59 |   184 |       |       |   380 |   612 ||  1235
       Plate armour      |       |       |   160 |   386 |   765 |       ||  1311
Dodge: Dodged            |    73 |   124 |   105 |   227 |   795 |   397 ||  1721
Block: Shield            |    85 |   161 |   175 |   405 |   782 |       ||  1608
       Buckler           |       |       |       |       |   271 |   343 ||   614
       Reflection        |       |       |       |       |    24 |     8 ||    32
